Map: [ESL] Cosmic Sapphire

Players

ShoWTimE - Winner!

  • Race: Protoss Protoss
  • Spawn Location: 11:00

Astrea

  • Race: Protoss Protoss
  • Spawn Location: 5:00

Event: DreamHack SC2 Masters 2022 Atlanta (Offline)

VOD

Have the link to the VOD?

Description

Time

  • Played on: Nov. 19, 2022, 2:19 p.m.
  • Length: 7:55

All games in this series

Show
View Real Time Build Order
Export as new Build Order

ShoWTimE Protoss - Winner!

Build Orders: Oracle Opening 

Get SALT Encoding   

  12  0:00  Probe  
  13  0:12  Probe  
  14  0:17  Pylon  
  14  0:24  Probe (Chrono Boost)  
  15  0:36  Gateway, Probe (Chrono Boost)  
  16  0:44  Probe (Chrono Boost)  
  16  0:46  Assimilator  
  17  0:51  Probe  
  18  1:03  Probe (Chrono Boost)  
  19  1:04  Assimilator  
  19  1:09  Gateway  
  19  1:13  Probe (Chrono Boost)  
  19  1:18  Probe (Chrono Boost)  
  20  1:23  Cybernetics Core  
  21  1:29  Probe  
  22  1:35  Pylon  
  22  1:41  Probe  
  23  1:53  Probe  
  24  1:59  Stalker x2  
  24  2:00  Warp Gate  
  28  2:06  Probe  
  29  2:14  Pylon  
  29  2:37  Stargate  
  29  2:50  Nexus  
  29  2:54  Stalker  
  31  3:03  Stalker  
  32  3:16  Probe  
  32  3:19  Oracle (Chrono Boost)  
  33  3:25  Pylon  
  36  3:28  Probe  
  37  3:40  Probe  
  38  3:46  Oracle (Chrono Boost)  
  38  3:47  Shield Battery  
  38  3:52  Probe  
  38  3:54  Stalker  
  44  4:03  Stalker  
  44  4:04  Probe  
  44  4:07  Probe  
  48  4:16  Probe  
  47  4:21  Robotics Facility  
  47  4:27  Shield Battery  
  47  4:35  Stalker  
  49  4:48  Stalker  
  51  4:56  Shield Battery  
  51  4:57  Pylon  
  51  5:11  Immortal (Chrono Boost)  
  55  5:22  Stalker  
  53  5:31  Stalker  
  40  5:50  Stalker  
  41  6:01  Stalker  
  43  6:14  Stalker  
  43  6:18  Immortal (Chrono Boost)  
  47  6:31  Stalker  
  49  6:37  Stalker  
  48  6:48  Probe  
  48  6:53  Observer  
  48  6:56  Probe, Pylon  
  49  7:02  Probe  
  49  7:04  Stalker  
  49  7:08  Probe, Stalker  
  51  7:18  Shield Battery  
  51  7:22  Shield Battery  
  49  7:27  Stalker  
  51  7:35  Stalker  
  51  7:37  Probe  
  51  7:40  Probe  
Show
View Real Time Build Order
Export as new Build Order

Astrea Protoss 

Build Orders: Blink Stalkers 

Get SALT Encoding   

  12  0:00  Probe  
  13  0:12  Probe  
  14  0:16  Pylon  
  14  0:24  Probe (Chrono Boost)  
  16  0:36  Probe (Chrono Boost)  
  16  0:37  Gateway  
  16  0:43  Probe (Chrono Boost)  
  16  0:46  Assimilator  
  17  0:51  Probe  
  17  0:54  Assimilator  
  18  1:03  Probe (Chrono Boost)  
  19  1:08  Gateway  
  20  1:12  Probe (Chrono Boost)  
  20  1:17  Probe (Chrono Boost)  
  20  1:24  Cybernetics Core  
  21  1:29  Probe  
  22  1:35  Pylon  
  22  1:41  Probe  
  23  1:53  Probe  
  24  2:01  Warp Gate, Stalker  
  24  2:03  Stalker  
  28  2:09  Pylon  
  28  2:29  Twilight Council  
  28  2:35  Stalker  
  29  2:37  Stalker  
  29  2:41  Probe  
  32  2:50  Gateway  
  32  3:00  Blink (Chrono Boost)  
  32  3:05  Gateway  
  32  3:19  Stalker  
  34  3:26  Pylon  
  34  3:28  Shield Battery  
  34  3:39  Pylon  
  34  3:49  Stalker x2  
  38  3:58  Stalker  
  38  4:05  Stalker  
  40  4:21  Stalker  
  42  4:44  Stalker  
  38  4:55  Stalker  
  40  5:05  Stalker  
  42  5:14  Stalker  
  28  5:51  Probe (Chrono Boost)  
  28  5:53  Stalker x4  
  38  6:04  Probe (Chrono Boost)  
  38  6:09  Probe (Chrono Boost)  
  39  6:19  Probe  
  38  6:27  Stalker x2  
  38  6:31  Probe (Chrono Boost)  
  43  6:42  Probe (Chrono Boost)  
  43  6:44  Stalker  
  45  6:54  Stalker  
  46  7:06  Adept x2  
  36  7:26  Stalker  
  36  7:27  Stalker  
  36  7:37  Stalker x2  
Tags
 
Add a new tag
Caveats
  • Supply blocks, unpowered buildings, or Contaminate may cause inaccurate times.
  • Supply counts are checked every 10 seconds.